 Dungeon Crawl Stone Soup version 0.23-a0-844-gdc03e01 (console) character file.

1 bli the Charmwright (level 1, -2/10 HPs)
             Began as a Spriggan Skald on Jan 26, 2019.
             Slain by a kobold
             ... wielding a +0 short sword
              (6 damage)
             ... on level 1 of the Dungeon.
             The game lasted 00:00:29 (75 turns).

bli the Charmwright (Spriggan Skald)                  Turns: 75, Time: 00:00:29

Health: -2/10      AC:  2    Str:  7    XL:     1   Next: 16%
Magic:  4/5        EV: 18    Int: 14    God:
Gold:   0          SH:  0    Dex: 15    Spells: 4/5 levels left

rFire    . . .     SeeInvis +   a - +0 short sword
rCold    . . .     Gourm    .   (shield restricted)
rNeg     . . .     Faith    .   b - +0 robe
rPois    .         Spirit   .   (helmet restricted)
rElec    .         Reflect  .   (no cloak)
rCorr    .         Harm     .   (gloves unavailable)
MR       .....                  (boots unavailable)
Stlth    +.........             (no amulet)
HPRegen  0.03/turn              (no ring)
MPRegen  0.09/turn              (no ring)

@: very quick
A: very small, unfitting armour, see invisible, herbivore, speed 3, slow
metabolism 2
a: no special abilities


You were on level 1 of the Dungeon.
You were not hungry.

You visited 1 branch of the dungeon, and saw 1 of its levels.

Inventory:

Hand Weapons
 a - a +0 short sword (weapon)
Armour
 b - a +0 robe (worn)
Scrolls
 e - a scroll of teleportation {unknown}
Potions
 c - 2 potions of degeneration {unknown}
 f - a potion of curing {unknown}
Comestibles
 d - 2 rations


   Skills:
 - Level 1.5 Fighting
 * Level 2.3 Short Blades
 - Level 3.5 Dodging
 - Level 2.6 Spellcasting
 - Level 4.4 Charms


You had 4 spell levels left.
You knew the following spells:

 Your Spells              Type           Power        Failure   Level  Hunger
a - Infusion              Chrm           ##..         3%          1    #......

Your spell library contained the following spells:

 Spells                   Type           Power        Failure   Level  Hunger
 Song of Slaying          Chrm           ##......     5%          2    ###....
 Shroud of Golubria       Chrm/Tloc      #.........   14%         2    ###....
 Regeneration             Chrm/Necr      #.........   26%         3    ###....
 Spectral Weapon          Hex/Chrm       #.......     26%         3    ###....


Dungeon Overview and Level Annotations

Branches:
Dungeon (1/15)

Altars:


Innate Abilities, Weirdness & Mutations

You are very small and have problems with some larger weapons.
You are too small for most types of armour.
You have supernaturally acute eyesight. (SInv)
You are a herbivore.
You cover ground extremely quickly.
You need to consume almost no food.


Message History

A kobold comes into view. It is wielding a +0 short sword.
The kobold throws a stone.
The stone hits you but does no damage.
You see here a stone.
You are no longer magically infusing your attacks.
A jackal comes into view.
The kobold throws a stone.
The stone barely misses you.
A jackal comes into view.
The jackal bites you but does no damage.
You hit the kobold but do no damage.
The jackal barks!
The kobold misses you.
A jackal comes into view.
The jackal completely misses you.
You closely miss the kobold.
The jackal barks!
The jackal barely misses you. The kobold closely misses you.
You barely miss the kobold. The jackal completely misses you.
The kobold hits you with a +0 short sword.
Ouch! That really hurt!
You die...

..# ..# ..# ♣.#
♣.. #♣.# ♣.♣♣♣.K#
♣.hh.@# ♣.♣♣♣h.#
#♣.# ♣.#######
#♣(.......
...♣♣♣.(######.
........##.###.#
...#...........#
.######.##..#####
........##...#
#.....###.##


You could see 3 jackals and a kobold.

Vanquished Creatures
  A hobgoblin (D:1)
1 creature vanquished.

Notes
Turn   | Place    | Note
-------+----------+-------------------------------------------
     0 | D:1      | bli the Spriggan Skald began the quest for the Orb.
     0 | D:1      | Reached XP level 1. HP: 10/10 MP: 5/5
    75 | D:1      | Slain by a kobold

Vault maps used:
D:1:      tarquinn_simple_flora_water_b, serial_park_tiny_2,
          minmay_stone_trees_medium

Action                   || total
-------------------------++-------
Melee: Short sword       ||    13
 Cast: Infusion          ||     1
Armor: Robe              ||     1
Dodge: Dodged            ||    10

Table legend:
 A = Non-vault XP
 B = Vault XP
 C = Vault XP percentage of total XP
 D = Non-vault monster count
 E = Vault monster count
 F = Vault count percentage of total count
                 A         B        C        D         E       F
            +---------+---------+-------+---------+---------+-------
      Total |       2 |       0 |   0.0 |       1 |       0 |   0.0
            +---------+---------+-------+---------+---------+-------
        D:1 |       2 |       0 |   0.0 |       1 |       0 |   0.0
            +---------+---------+-------+---------+---------+-------
